Map: Zen LE

Players

uThermal - Winner!

  • Race: Terran Terran
  • Spawn Location: 7:00

RagnaroK (SHIN)

  • Race: Zerg Zerg
  • Spawn Location: 1:00

Event: IEM Katowice 2020

VOD

Have the link to the VOD?

Description

Time

  • Played on: Feb. 25, 2020, 2:11 p.m.
  • Length: 12:54

All games in this series

Show
View Real Time Build Order
Export as new Build Order

uThermal Terran - Winner!

Build Orders: Hellion Opening, Reaper Expand 

Get SALT Encoding   

  12  0:01  SCV  
  13  0:13  SCV  
  14  0:17  Supply Depot  
  14  0:25  SCV  
  15  0:38  SCV  
  15  0:40  Barracks  
  16  0:43  Refinery  
  16  0:50  SCV  
  17  1:02  SCV  
  18  1:15  SCV  
  19  1:27  Orbital Command, Reaper  
  20  1:40  Command Center  
  20  1:49  Supply Depot  
  20  1:53  SCV  
  21  1:58  Marine  
  22  2:05  SCV  
  23  2:09  Factory  
  23  2:15  Refinery  
  23  2:17  SCV  
  23  2:21  Barracks Reactor  
  24  2:29  SCV  
  25  2:41  SCV  
  26  2:53  SCV, Starport, Orbital Command  
  27  3:01  Hellion x2  
  27  3:05  SCV  
  32  3:09  Marine  
  33  3:17  SCV  
  34  3:20  SCV  
  34  3:22  Hellion x2  
  39  3:29  Supply Depot, Medivac  
  39  3:31  SCV  
  39  3:33  SCV  
  43  3:39  Fusion Core  
  43  3:43  SCV  
  43  3:44  Refinery  
  43  3:45  SCV  
  45  3:51  Supply Depot, Hellion  
  49  3:55  Hellion  
  49  3:58  SCV  
  49  4:00  Barracks Tech Lab  
  49  4:02  SCV  
  51  4:10  SCV  
  51  4:13  Supply Depot  
  53  4:19  Hellion  
  53  4:20  Hellion  
  57  4:30  Battlecruiser  
  62  4:35  SCV  
  63  4:41  Hellion  
  63  4:42  Armory  
  65  4:48  Hellion  
  67  4:54  SCV  
  67  4:55  SCV, Supply Depot  
  67  4:57  Supply Depot  
  69  5:04  Barracks Tech Lab  
  69  5:09  SCV, Supply Depot  
  70  5:17  SCV, Hellion x2  
  75  5:34  Battlecruiser  
  75  5:35  SCV x2  
  82  5:39  Hellion x2  
  87  5:47  SCV  
  87  5:48  SCV, Command Center  
  78  5:59  SCV  
  78  6:00  SCV, Hellion  
  78  6:02  Hellion  
  82  6:07  Factory  
  82  6:10  Factory  
  74  6:11  SCV  
  74  6:12  SCV  
  68  6:19  Refinery  
  68  6:23  SCV  
  68  6:24  SCV  
  70  6:27  Hellion x2  
  74  6:35  SCV  
  74  6:36  SCV  
  74  6:38  Battlecruiser  
  82  6:48  SCV x2, Hellion  
  86  6:57  Supply Depot  
  86  6:58  Mag-Field Accelerator, Factory Tech Lab  
  86  6:59  Supply Depot  
  86  7:00  SCV x2, Hellion  
  90  7:10  Weapon Refit  
  90  7:11  Cyclone  
  93  7:16  Supply Depot  
  93  7:19  SCV x2  
  95  7:24  Hellion x6  
  95  7:28  Hellion x2  
  99  7:30  Cyclone  
  99  7:31  SCV, Orbital Command  
  99  7:32  SCV  
  104  7:43  SCV  
  105  7:46  Battlecruiser  
  105  7:48  SCV  
  112  7:52  Refinery  
  112  7:54  Refinery  
  112  7:57  Supply Depot  
  112  7:59  Supply Depot  
  112  8:04  Cyclone  
  113  8:07  SCV, Hellion  
  116  8:14  SCV  
  116  8:17  Engineering Bay  
  116  8:19  SCV  
  118  8:21  Supply Depot, Cyclone  
  118  8:24  SCV  
  122  8:36  Factory, Cyclone  
  122  8:38  Factory  
  125  8:42  Hellion x2  
  129  8:48  Command Center  
  129  8:50  Missile Turret  
  129  8:54  Hellion x9  
  129  8:57  Cyclone  
  129  9:01  Battlecruiser  
  138  9:03  Hellion  
  138  9:09  Supply Depot, Terran Vehicle And Ship Armor Level 1  
  140  9:11  Supply Depot  
  140  9:21  Missile Turret, Factory Tech Lab  
  140  9:22  Factory Reactor  
  140  9:23  Missile Turret  
  140  9:30  Supply Depot, Cyclone  
  137  9:40  Cyclone, Hellion  
  140  9:46  Cyclone, Hellion  
  121  10:01  Hellion  
  121  10:02  Cyclone  
  121  10:03  Hellion  
  110  10:08  Hellion  
  110  10:12  Cyclone  
  110  10:14  Hellion  
  117  10:18  Cyclone  
  117  10:21  Infernal Pre-Igniter  
  120  10:25  Hellion  
  120  10:27  Hellion  
  117  10:29  Hellion  
  117  10:34  Cyclone  
  117  10:35  Hellion  
  118  10:42  SCV  
  111  10:43  SCV  
  111  10:44  Cyclone  
  111  10:47  Hellion  
  111  10:49  SCV, Hellion, Battlecruiser  
  126  10:51  Hellion  
  126  10:54  SCV  
  129  10:58  Cyclone  
  129  10:59  SCV  
  129  11:01  SCV  
  134  11:05  Planetary Fortress  
  134  11:06  SCV  
  134  11:11  SCV  
  136  11:13  SCV  
  138  11:18  SCV  
  138  11:20  Hellion  
  138  11:22  Hellion  
  138  11:23  SCV  
  143  11:26  SCV  
  143  11:30  SCV  
  145  11:34  Cyclone  
  145  11:37  Missile Turret  
  148  11:43  Cyclone  
  148  11:44  Hellion  
  148  11:45  Hellion  
  147  11:48  Hellion  
  149  12:08  Cyclone  
  149  12:09  Hellion  
  149  12:12  Hellion  
  149  12:14  Cyclone, Hellion  
  157  12:23  Hellion  
  157  12:25  SCV x2  
  157  12:27  Command Center  
  164  12:32  Hellion  
  164  12:42  SCV  
  163  12:46  Command Center  
Show
View Real Time Build Order
Export as new Build Order

RagnaroK Zerg 

Build Orders: Hatch First 

Get SALT Encoding   

  12  0:00  Drone  
  13  0:12  Overlord  
  13  0:17  Drone  
  14  0:30  Drone x2  
  16  0:48  Hatchery  
  15  0:52  Drone  
  15  0:55  Drone  
  17  0:59  Drone  
  18  1:09  Extractor  
  17  1:14  Spawning Pool  
  17  1:17  Drone  
  17  1:20  Drone  
  18  1:28  Drone  
  19  1:39  Overlord  
  19  1:51  Drone  
  20  2:01  Queen x2  
  20  2:02  Zergling x4  
  26  2:11  Drone  
  26  2:12  Drone  
  28  2:22  Zergling x2  
  29  2:25  Drone  
  30  2:33  Drone x2  
  30  2:36  Queen  
  31  2:42  Metabolic Boost  
  33  2:44  Overlord  
  33  2:45  Drone  
  34  2:53  Drone  
  35  3:03  Drone  
  35  3:05  Hatchery  
  35  3:06  Drone x2  
  35  3:10  Pneumatized Carapace  
  37  3:15  Drone x2  
  37  3:18  Drone  
  40  3:20  Drone  
  40  3:21  Drone  
  40  3:26  Overlord  
  42  3:31  Extractor, Queen  
  44  3:43  Overlord  
  44  3:45  Drone  
  44  3:46  Drone  
  44  3:47  Zergling x4  
  44  3:48  Zergling x4  
  50  3:53  Drone  
  50  3:55  Overlord  
  51  4:00  Baneling Nest  
  50  4:04  Zergling x2  
  50  4:05  Drone  
  50  4:06  Drone  
  50  4:09  Queen  
  55  4:12  Spore Crawler, Drone  
  55  4:13  Drone x3  
  55  4:15  Drone  
  59  4:18  Queen  
  59  4:22  Zergling x4  
  64  4:24  Drone  
  64  4:26  Drone x2  
  64  4:28  Drone  
  67  4:31  Drone  
  67  4:35  Drone  
  67  4:36  Extractor  
  67  4:37  Extractor  
  67  4:39  Lair  
  67  4:42  Drone x2  
  67  4:44  Drone  
  70  4:47  Zergling x2  
  70  4:54  Zergling x4  
  70  4:55  Drone x2  
  70  4:56  Overlord  
  74  5:01  Spore Crawler  
  74  5:03  Spore Crawler  
  74  5:04  Queen  
  74  5:07  Overlord  
  74  5:10  Baneling x3  
  74  5:11  Baneling  
  74  5:12  Baneling  
  74  5:14  Overlord  
  74  5:15  Drone x5  
  74  5:18  Queen  
  74  5:20  Drone  
  82  5:22  Drone  
  82  5:25  Zergling x2  
  82  5:27  Zergling x6  
  82  5:28  Drone  
  86  5:30  Drone x2  
  86  5:32  Drone  
  87  5:39  Queen  
  87  5:40  Baneling x6  
  86  5:44  Zergling x8  
  86  5:52  Zergling x2  
  86  5:53  Zergling x2  
  86  5:54  Zergling x4  
  86  5:56  Zergling x2  
  87  5:59  Zergling x6  
  87  6:00  Zergling x2  
  87  6:01  Zergling x2  
  87  6:03  Spore Crawler  
  87  6:07  Drone  
  87  6:10  Queen  
  85  6:12  Drone  
  85  6:13  Drone x3  
  85  6:15  Drone  
  88  6:18  Drone  
  88  6:21  Spire, Extractor  
  88  6:23  Extractor, Drone  
  88  6:24  Drone  
  87  6:30  Baneling x5  
  87  6:31  Drone  
  87  6:32  Drone  
  86  6:33  Drone  
  86  6:34  Drone  
  86  6:35  Drone  
  86  6:37  Drone  
  86  6:39  Drone  
  91  6:42  Extractor  
  91  6:44  Drone  
  93  6:47  Spire, Spore Crawler, Drone  
  93  6:53  Drone x3  
  89  6:54  Drone  
  89  6:55  Drone  
  89  6:57  Evolution Chamber  
  89  6:59  Overlord  
  90  7:02  Overlord  
  90  7:05  Zergling x2  
  89  7:08  Baneling  
  89  7:09  Drone, Baneling x3  
  90  7:18  Evolution Chamber x2  
  90  7:19  Drone x3  
  88  7:25  Zergling x2  
  88  7:26  Zergling x6  
  88  7:27  Zergling x2  
  91  7:31  Drone x3  
  91  7:35  Queen  
  91  7:36  Drone x2  
  98  7:43  Overseer  
  98  7:44  Overlord  
  98  7:45  Hatchery, Zerg Melee Weapons Level 1  
  98  7:46  Zerg Missile Weapons Level 1  
  97  7:52  Roach Warren  
  97  7:54  Overlord  
  97  7:55  Overlord x2  
  96  7:59  Corruptor x3  
  96  8:05  Corruptor x2  
  106  8:09  Zerg Flyer Weapons Level 1  
  106  8:12  Corruptor x2  
  106  8:17  Corruptor  
  112  8:31  Glial Reconstitution  
  112  8:32  Roach  
  112  8:33  Roach x4  
  122  8:36  Overlord  
  122  8:40  Corruptor  
  124  8:44  Drone x5  
  124  8:45  Overlord  
  124  8:47  Overlord  
  129  8:49  Overlord  
  129  8:52  Overlord  
  129  8:53  Drone  
  129  8:54  Drone x4  
  130  8:56  Drone  
  130  8:58  Corruptor  
  130  9:00  Drone x3  
  137  9:02  Drone  
  137  9:07  Drone  
  137  9:08  Infestation Pit  
  137  9:09  Ravager x4  
  141  9:12  Zergling x6, Extractor  
  141  9:13  Extractor  
  141  9:16  Corruptor  
  142  9:20  Zergling x8  
  148  9:24  Centrifical Hooks  
  148  9:33  Zergling x4, Hatchery, Roach  
  141  9:39  Zergling x8, Roach  
  141  9:41  Baneling  
  141  9:42  Baneling x4  
  142  9:47  Zergling x6, Roach  
  142  9:48  Roach  
  142  9:49  Zergling x2  
  142  9:50  Zergling x2  
  142  9:51  Roach  
  138  9:53  Zergling x2  
  138  9:55  Zergling x2, Roach  
  131  10:00  Zergling x8, Roach  
  131  10:01  Roach  
  131  10:02  Zergling x2  
  131  10:03  Zergling x2  
  127  10:07  Corruptor  
  127  10:08  Zergling x4  
  127  10:10  Zergling x2  
  127  10:11  Zergling x2  
  129  10:15  Corruptor  
  129  10:16  Zergling x4  
  129  10:19  Zergling x2  
  129  10:20  Zergling x4  
  132  10:21  Zergling x2  
  132  10:23  Zergling x2  
  132  10:24  Zergling x2  
  132  10:25  Zergling x2  
  125  10:30  Corruptor  
  125  10:31  Corruptor  
  122  10:35  Zergling x2  
  122  10:36  Zergling x2  
  122  10:39  Corruptor  
  122  10:41  Zergling x4  
  119  10:43  Zergling x2  
  119  10:46  Corruptor  
  119  10:47  Zergling x2  
  121  10:54  Drone x2  
  123  10:58  Spire  
  123  11:02  Drone x3  
  119  11:04  Ravager  
  119  11:05  Extractor, Ravager x3  
  119  11:07  Ravager x2  
  119  11:09  Extractor, Drone  
  121  11:20  Queen  
  121  11:21  Queen  
  125  11:31  Hatchery  
  124  11:34  Baneling x4  
  124  11:35  Baneling x2  
  124  11:36  Drone x7  
  128  11:44  Drone x3  
  116  12:09  Drone x5  
  116  12:10  Corruptor x6  
  132  12:16  Corruptor  
  132  12:19  Corruptor  
  132  12:20  Corruptor  
  138  12:23  Baneling  
  138  12:29  Zergling x6, Roach  
  140  12:33  Zergling x8, Roach  
  132  12:37  Zergling x4  

Tags
 
Add a new tag
Caveats
  • Supply blocks, unpowered buildings, or Contaminate may cause inaccurate times.
  • Supply counts are checked every 10 seconds.